 Dungeon Crawl Stone Soup version 0.29.1-1-gd02db6906a (webtiles) character file.

Game seed: 8574557347697100943

961 hawla the Gusty (level 8, 0/59 HPs)
             Began as a Meteoran Air Elementalist on Oct 14, 2022.
             Slain by a kobold brigand
             ... wielding a +0 war axe
              (10 damage)
             ... in a bailey.
             The game lasted 00:15:01 (3031 turns).

hawla the Gusty (Meteoran Air Elementalist)         Turns: 3031, Time: 00:15:03

Health: 0/59       AC:  3    Str:  9    XL:     8   Next: 64%
Magic:  17/19      EV: 13    Int: 24    God:
Gold:   134        SH:  0    Dex: 16    Spells: 8/20 levels left

rFire   . . .      SeeInvis .   w - +5 mace
rCold   . . .      Faith    .   (no shield)
rNeg    . . .      Spirit   .   a - +0 robe
rPois   .          Reflect  .   q - +0 helmet
rElec   .          Harm     .   (no cloak)
rCorr   .          Rampage  .   (no gloves)
Will    ++...                   (no boots)
Stlth   +.........              (no amulet)
HPRegen 0.19/turn               i - ring of willpower
MPRegen 0.16/turn               n - +6 ring of intelligence

@: lethally poisoned (0 -> -7), wereblooded, slowed, glowing, very slow
A: sense surroundings 1, otherworldly, glowing, explore regen
a: no special abilities


You were in a bailey.
You visited 2 branches of the dungeon, and saw 7 of its levels.
You also visited: Bailey.

You collected 134 gold pieces.

Inventory:

Hand Weapons
 c - a +0 quarterstaff
 w - a +5 mace (weapon)
Armour
 a - a +0 robe (worn)
 q - a +0 helmet (worn)
Magical Staves
 k - a staff of air
Jewellery
 b - a +4 ring of protection
 f - a +6 ring of dexterity
 g - a ring of fire
 i - a ring of willpower (left hand)
 l - a +4 ring of evasion
 n - a +6 ring of intelligence (right hand)
 v - a ring of protection from fire
Wands
 r - a wand of polymorph (7)
Scrolls
 d - a scroll of brand weapon
 e - a scroll of fog
 u - 2 scrolls of teleportation
Potions
 h - 2 potions of brilliance
 j - 3 potions of heal wounds {unknown}
 m - a potion of flight
 o - a potion of lignification {unknown}
 p - a potion of mutation {unknown}
 s - 2 potions of attraction {unknown}
 t - a potion of curing


   Skills:
 + Level 1.4 Fighting
 + Level 1.2 Staves
 + Level 3.3 Dodging
 - Level 1.4 Stealth
 + Level 6.9 Spellcasting
 + Level 3.6 Conjurations
 + Level 7.8 Air Magic
 + Level 2.0 Evocations


You had 8 spell levels left.
You knew the following spells:

 Your Spells              Type           Power      Damage    Failure   Level
a - Shock                 Conj/Air       100%       1d9       1%          1
b - Static Discharge      Conj/Air       35%        3-8/arc   1%          2
c - Airstrike             Air            22%        2d(4-20)  3%          4
d - Poisonous Vapours     Pois/Air       54%        N/A       2%          2
e - Wereblood             Tmut           8%         N/A       11%         2
f - Apportation           Tloc           16%        N/A       8%          1

Your spell library contained the following spells:

 Spells                   Type           Power      Damage    Failure   Level
 Swiftness                Air            45%        N/A       1%          3
 Beastly Appendage        Tmut           16%        N/A       8%          1
 Ensorcelled Hibernation  Hex/Ice        16%        N/A       11%         2
 Passwall                 Tmut/Erth      6%         N/A       11%         2
 Call Canine Familiar     Summ           8%         N/A       22%         3
 Portal Projectile        Hex/Tloc       16%        N/A       22%         3
 Spider Form              Tmut/Pois      8%         N/A       22%         3
 Corpse Rot               Necr/Pois/Air  20%        N/A       24%         4
 Leda's Liquefaction      Hex/Erth       4%         N/A       58%         4
 Alistair's Intoxication  Tmut/Pois      5%         N/A       90%         5


Dungeon Overview and Level Annotations

Branches:
Dungeon (7/15) Zot: 835    Temple (1/1) D:5 Zot: 447  Bailey (1/1) Zot: 480

Altars:
Dithmenos
Fedhas
Gozag
Hepliaklqana
Nemelex Xobeh
Okawaru
Ru
Sif Muna
Trog
Wu Jian
Xom

Annotations:
D:4 Blork the orc


Innate Abilities, Weirdness & Mutations

You passively map a small area around you.
You are easily found by Zot.
You glow in the dark.
You regain HP and MP as you explore.


Message History

You are more poisoned.
You have difficulty breathing.
You feel as though you will be slow longer.
The kobold completely misses you.
You feel better. The kobold brigand barely misses you.
The kobold brigand throws a poisoned dart.
The poisoned dart misses you.
The kobold brigand throws a curare-tipped dart.
The curare-tipped dart hits you.
You are poisoned.
You have difficulty breathing.
You feel as though you will be slow longer.
The kobold barely misses you.
The kobold brigand hits you with a +0 war axe.
Casting: Wereblood (safe; 11% risk of failure)
Confirm with . or Enter, or press ? or * to list all spells.
You don't know that spell.
Okay, then.
Casting: Wereblood (safe; 11% risk of failure)
Confirm with . or Enter, or press ? or * to list all spells.
Aiming: Poisonous Vapours (safe; 2% risk of failure)
Press: ? - help, Dir - move target, f - kobold brigand
Aim: a kobold brigand, wielding a +0 war axe and quivering curare-tipped darts Poisonous vapours surround the kobold brigand!
The kobold brigand is poisoned.
You feel very sick. The kobold closely misses you.
The kobold throws a boomerang.
The boomerang hits you.
The kobold brigand throws a curare-tipped dart.
The curare-tipped dart closely misses you.
The kobold brigand hits you with a +0 war axe!
* * * LOW HITPOINT WARNING * * *
The kobold closely misses you.
You sock the kobold brigand!
The kobold brigand is heavily wounded.
You howl as the wereblood boils in your veins!
* * * LOW HITPOINT WARNING * * *
You feel very sick.
The kobold brigand hits you with a +0 war axe!
You die...

, *
~~.......~~##*
.~~.......~~.
#~~.......~~###
, .~~.K.....~~..
*
#~~.......~~###.
,
.~~.......~~....
#~~....KKK~~###.
.~~....K@.~~....
#~~.....K.~~####
##~.......~##
####...####
#...# #...#
#...# ##'''##
##..∩..##


You could see 3 kobold brigands and 3 kobolds.

Vanquished Creatures
  Grinder (D:5)
  A black bear (D:5)
  A kobold brigand (D:7)
  A scorpion (D:4)
  4 wights (D:7)
  2 bullfrog zombies (D:5)
  A hound (D:5)
  A jelly (D:5)
  6 gnolls
  7 adders
  An ufetubus (D:5)
  3 worms
  2 dart slugs
  2 orcs
  7 ball pythons
  4 endoplasms
  3 giant cockroaches
  18 goblins
  7 hobgoblins
  4 quokkas
  7 bats
  3 frilled lizards
  13 kobolds
  5 rats
  A spectral goblin (D:3)
105 creatures vanquished.

Vanquished Creatures (collateral kills)
  Robin (D:2)
  2 goblins (D:2)
3 creatures vanquished.

Vanquished Creatures (others)
  2 plants (D:5)
2 creatures vanquished.

Grand Total: 110 creatures vanquished

Notes
Turn   | Place    | Note
-------+----------+-------------------------------------------
     0 | D:1      | hawla the Meteoran Air Elementalist began the quest for the
                  | Orb.
     0 | D:1      | Reached XP level 1. HP: 14/14 MP: 5/5
    84 | D:1      | Reached XP level 2. HP: 20/20 MP: 3/6
   107 | D:1      | Reached skill level 4 in Air Magic
   146 | D:1      | Learned a level 2 spell: Static Discharge
   267 | D:1      | Reached XP level 3. HP: 26/26 MP: 2/8
   500 | D:1      | Glimpsed the power of Zot.
   664 | D:2      | Reached XP level 4. HP: 33/33 MP: 4/10
   669 | D:2      | Learned a level 4 spell: Airstrike
   761 | D:2      | Reached skill level 5 in Air Magic
   842 | D:2      | Noticed Robin
   867 | D:2      | Killed Robin
   868 | D:2      | Reached XP level 5. HP: 17/38 MP: 11/11
   907 | D:2      | Found a faded altar of an unknown god.
   912 | D:2      | Identified a scroll of acquirement
   912 | D:2      | Acquired a staff of air
  1102 | D:2      | Glimpsed the power of Zot.
  1128 | D:3      | Found a blossoming altar of Fedhas.
  1210 | D:3      | Reached skill level 1 in Evocations
  1327 | D:3      | Found a sacrificial altar of Ru.
  1534 | D:3      | Found a hazy altar of Hepliaklqana.
  1675 | D:3      | Reached XP level 6. HP: 45/45 MP: 9/12
  1682 | D:3      | Found a sparkling altar of Nemelex Xobeh.
  1700 | D:3      | Glimpsed the power of Zot.
  1750 | D:3      | Glimpsed the power of Zot.
  1773 | D:4      | Found an iron altar of Okawaru.
  1920 | D:4      | Noticed Blork the orc
  1929 | D:4      | Learned a level 2 spell: Poisonous Vapours
  2166 | D:4      | Reached skill level 6 in Air Magic
  2299 | D:4      | Glimpsed the power of Zot.
  2336 | D:5      | Entered Level 5 of the Dungeon
  2462 | D:5      | Found a staircase to the Ecumenical Temple.
  2479 | Temple   | Entered the Ecumenical Temple
  2688 | D:5      | Reached XP level 7. HP: 24/51 MP: 3/15
  2746 | D:5      | Noticed Grinder
  2750 | D:5      | Killed Grinder
  2751 | D:5      | Reached skill level 5 in Spellcasting
  2785 | D:5      | Reached skill level 1 in Fighting
  2785 | D:5      | Reached skill level 7 in Air Magic
  2785 | D:5      | Reached XP level 8. HP: 59/59 MP: 5/17
  2833 | D:5      | Reached skill level 1 in Staves
  2841 | D:5      | You fall into a shaft and drop 2 floors!
  2887 | D:7      | Found a flagged portal.
  2911 | D:7      | Learned a level 2 spell: Wereblood
  2913 | D:7      | Learned a level 1 spell: Apportation
  2916 | Bailey   | Entered a bailey
  3031 | Bailey   | Slain by a kobold brigand

Illustrated notes

Levels and vault maps discovered:
D:1:      psy_arrival_basics, layout_loops_ring, st_stairs_2
D:2:      layout_basic, chequers_ecumenical_altar_simple_redux, uniq_robin,
          uniq_crazy_yiuf_cottage
D:3:      layout_loops_corners, fedhas_altar_1, nicolae_ru_the_path_less_chosen,
          nicolae_hepliaklqana_monster_ancestors, mainiacjoe_overflow_paths
D:4:      layout_basic, okawaru_gym_becter, uniq_blork_the_orc
D:5:      layout_basic, nicolae_yredelemnul_corpse_copse, old_standard_altar,
          minmay_overflow_temple_star_quad, minmay_temple_entry_overgrown,
          grunt_decor_resistance, hellmonk_bongcloud_opening, uniq_grinder
D:7:      layout_loops_cross, serial_shops, kennysheep_mini_moat,
          gammafunk_ghost_nasty_kobolds, enter_bailey_7
Temple:   hellmonk_temple_flake
Bailey:   bailey_axe_3, bailey

Skill      XL: |  1  2  3  4  5  6  7  8 |
---------------+-------------------------+-----
Spellcasting   | 3 4 5 6 |  6.9
Air Magic      | 4 5 6 7 |  7.8
Evocations     | 2 |  2.0
Conjurations   | 2 3 |  3.6
Dodging        | 3 |  3.3
Fighting       | 1 |  1.4
Staves         | 1 |  1.2
Stealth        | |  1.4

Action                   |  1- 3 |  4- 6 |  7- 9 || total
-------------------------+-------+-------+-------++-------
Melee: Unarmed           |       |     4 |       ||     4
       Staff             |       |    22 |     4 ||    26
       Mace              |       |       |     5 ||     5
 Cast: Shock             |    41 |    47 |     7 ||    95
       Static Discharge  |     7 |    31 |    15 ||    53
       Airstrike         |       |     3 |     1 ||     4
       Poisonous Vapours |       |    11 |     4 ||    15
       Wereblood         |       |       |     1 ||     1
  Use: Scroll            |     4 |     8 |       ||    12
       Potion            |       |     2 |     2 ||     4
Armor: Robe              |     4 |    15 |     7 ||    26
Dodge: Dodged            |     1 |    31 |    29 ||    61
